 Dungeon Crawl Stone Soup version 0.21.0-37-g46506fa (webtiles) character file.

9 tidbits the Charmwright (level 2, -2/26 HPs)
             Began as a Gnoll Skald on Jan 30, 2018.
             Slain by an orc wizard
             ... wielding a +0 dagger
              (3 damage)
             ... on level 2 of the Dungeon.
             The game lasted 00:01:44 (149 turns).

tidbits the Charmwright (Gnoll Skald)                Turns: 149, Time: 00:01:44

Health: -2/26      AC:  5    Str: 13    XL:     2   Next: 12%
Magic:  3/7        EV: 14    Int: 15    God:
Gold:   24         SH:  0    Dex: 14    Spells: 5/10 levels left

rFire    + . .     SeeInvis .   a - +0 war axe
rCold    . . .     Gourm    .   (no shield)
rNeg     . . .     Faith    .   b - +0 leather armour
rPois    .         Spirit   .   (no helmet)
rElec    .         Reflect  .   (no cloak)
rCorr    .         Harm     .   (no gloves)
MR       .....                  (no boots)
Stlth    +.........             (no amulet)
HPRegen  0.08/turn              (no ring)
MPRegen  0.10/turn              (no ring)

@: infused (expiring)
A: distributed training, fangs 1, slimy green scales 1, fire resistance 1,
evolution 1, strong nose
a: no special abilities


You were on level 2 of the Dungeon.
You were not hungry.

You visited 1 branch of the dungeon, and saw 3 of its levels.

You collected 24 gold pieces.

Inventory:

Hand Weapons
 a - a +0 war axe (weapon)
 f - a +0 hand axe
Armour
 b - a +0 leather armour (worn)
Wands
 e - a wand of random effects (45)
Books
 c - a book of Battle

   Spells                             Type                      Level
   a - Infusion                       Charms                       1
   b - Shroud of Golubria             Charms/Translocation         2
   c - Song of Slaying                Charms                       2
   d - Spectral Weapon                Hexes/Charms                 3
   e - Regeneration                   Charms/Necromancy            3
Comestibles
 d - a ration


   Skills:
 + Level 4.4 Fighting
 + Level 0.2 Short Blades
 + Level 0.2 Long Blades
 + Level 4.4 Axes
 + Level 0.2 Maces & Flails
 + Level 0.2 Polearms
 + Level 0.2 Staves
 + Level 0.2 Slings
 + Level 0.2 Bows
 + Level 0.2 Crossbows
 + Level 0.2 Throwing
 + Level 2.4 Armour
 + Level 4.4 Dodging
 + Level 0.2 Stealth
 + Level 0.2 Shields
 + Level 0.2 Unarmed Combat
 + Level 4.9 Spellcasting
 + Level 0.1 Conjurations
 + Level 0.1 Hexes
 + Level 5.3 Charms
 + Level 0.1 Summonings
 + Level 0.1 Necromancy
 + Level 0.1 Translocations
 + Level 0.1 Transmutations
 + Level 0.1 Fire Magic
 + Level 0.1 Ice Magic
 + Level 0.1 Air Magic
 + Level 0.1 Earth Magic
 + Level 0.1 Poison Magic
 + Level 0.3 Invocations
 + Level 0.2 Evocations


You had 5 spell levels left.
You knew the following spells:

 Your Spells              Type           Power        Failure   Level  Hunger
g - Shroud of Golubria    Chrm/Tloc      ##........   10%         2    ##.....
i - Infusion              Chrm           ###.         2%          1    None
y - Song of Slaying       Chrm           ###.....     3%          2    ##.....


Dungeon Overview and Level Annotations

Branches:
Dungeon (3/15)

Altars:

Annotations:
D:3 Terence


Innate Abilities, Weirdness & Mutations

Your experience applies equally to all skills.
You have very sharp teeth.
Your uncanny sense of smell can sniff out nearby items.
You are partially covered in slimy green scales. (AC +2)
Your flesh is heat resistant. (rF+)
You evolve.


Message History

You finish memorising.
Spell assigned to 'g'.
Found 25 stones.
An orc wizard comes into view. It is wielding a dagger.
The orc wizard shouts!
You hear an angry hiss.
An orc comes into view. It is wielding a short sword.
The orc shouts!
Casting: Infusion
Confirm with . or Enter, or press ? or * to list all spells.
You begin infusing your attacks with magical energy.
An orc wizard comes into view. It is wielding a dagger.
The orc wizard shouts!
You hear a shout! 2 orcs come into view.
Casting: Infusion
Confirm with . or Enter, or press ? or * to list all spells.
You start singing a song of slaying.
The orc shouts!
You hear an angry hiss.
The orc wizard closely misses you.
You hear a shout!
A leopard gecko comes into view.
You hit the orc wizard!
You bite the orc wizard, but do no damage.
The orc wizard is heavily wounded.
The orc wizard hits you but does no damage.
You barely miss the orc wizard.
The orc wizard is heavily wounded.
The orc wizard casts a spell.
The orc wizard flickers and vanishes!
You hear some strange, mumbled words.
Something tries to affect you, but you resist.
A goblin comes into view. It is wielding a club.
You miss something. Something hits you.
You hit something. Something barely misses you.
You miss something. Your bite misses something.
Something hits you but does no damage.
The orc wizard casts a spell.
The orc wizard blinks!
You hear some strange, mumbled words.
A magic dart appears from out of thin air!
The magic dart hits you!
You closely miss something. Something hits you.
You closely miss something. Something hits you.
You closely miss something. You bite something. Something hits you.
You completely miss something.
You hear some strange, mumbled words.
You are confused.
You bump into the rock wall.
You bump into the rock wall.
The orc misses you.
The orc wizard casts a spell.
The orc wizard blinks!
You hit the orc!
You kill the orc!
You bump into the rock wall.
Something barely misses you.
You bump into the rock wall.
You hear some strange, mumbled words.
A magic dart appears from out of thin air!
The magic dart hits you!
A magic dart appears from out of thin air!
The magic dart hits you!
* * * LOW HITPOINT WARNING * * *
You bump into the rock wall.
You feel less confused.
You closely miss something. Something hits you.
* * * LOW HITPOINT WARNING * * *
You aren't carrying any potions.
Unknown command.
You barely miss something.
You hear some strange, mumbled words.
Something tries to affect you, but you resist.
The orc wizard mumbles some strange words.
The orc wizard seems to speed up.
Something hits you but does no damage.
You barely miss something. Your bite misses something.
The orc wizard gestures wildly while chanting.
The orc wizard blinks!
Something hits you but does no damage.
You hit something. Something hits you.
* * * LOW HITPOINT WARNING * * *
You closely miss something.
Your magical infusion is running out.
Your song is almost over.
Something hits you but does no damage. x2
You closely miss something. Something hits you but does no damage.
You closely miss something.
The orc wizard gestures wildly while chanting.
The orc wizard blinks!
You hear some strange, mumbled words.
A magic dart appears from out of thin air!
The magic dart hits you!
* * * LOW HITPOINT WARNING * * *
You closely miss something. You bite something.
Something hits you but does no damage.
You closely miss something.
Your song has ended.
Something hits you.
* * * LOW HITPOINT WARNING * * *
Something hits you.
You die...

###.###(#.....###
#...............#
#...........#.#
#.......#####.#
#o§.....# #
#g#####.#
#o#######
#{#.....#
#@#.###.# ###.#.#
.# #...#.# .#
#.###.# (.
#.###.#####
#.........#
#####.###.# #.#
#.#


You could see 2 orcs and a goblin.

Vanquished Creatures
  An orc (D:2)
  A giant cockroach (D:2)
  2 jackals
  A frilled lizard (D:3)
  A kobold (D:3)
  2 rats (D:2)
8 creatures vanquished.

Notes
Turn   | Place    | Note
-------+----------+-------------------------------------------
     0 | D:1      | tidbits the Gnoll Skald began the quest for the Orb.
     0 | D:1      | Reached XP level 1. HP: 20/20 MP: 6/6
    48 | D:3      | Noticed Terence
    52 | D:2      | Gained mutation: Your flesh is heat resistant. (rF+) [potion of mutation]
    52 | D:2      | Gained mutation: You evolve. [potion of mutation]
    52 | D:2      | Gained mutation: You are partially covered in slimy green scales. (AC +2) [potion of mutation]
    82 | D:2      | Reached XP level 2. HP: 24/26 MP: 3/7
    90 | D:2      | Learned a level 2 spell: Song of Slaying
    93 | D:2      | Learned a level 2 spell: Shroud of Golubria
   149 | D:2      | HP: 1/26 [something (2)]
   149 | D:2      | Slain by an orc wizard

Action                   || total
-------------------------++-------
Melee: Hand axe          ||     7
       War axe           ||    25
       Unarmed           ||     6
       Bite              ||     3
 Cast: Infusion          ||     3
       Song of Slaying   ||     1
  Use: Potion            ||     1
Armor: Leather armour    ||     8
Dodge: Dodged            ||    22

Table legend:
 A = Turns spent in this place as a percentage of turns spent in the entire game.
 B = Non-inter-level travel turns spent in this place as a percentage of non-inter-level travel turns spent in the entire game.
 C = Inter-level travel turns spent in this place as a percentage of turns spent in this place.
 D = Turns resting spent in this place as a percentage of non-inter-level travel turns spent in this place.
 E = Turns spent auto-exploring this place as a percentage of non-inter-level travel turns spent in this place.
 F = Non-inter-level travel turns spent in this place divided by the number of levels of this place that you've seen.
                   A       B       C       D       E      F
               +-------+-------+-------+-------+-------+----------------------
         Total | 100.0 | 100.0 |   0.0 |   0.0 |   0.0 |  49.7
       Dungeon | 100.0 | 100.0 |   0.0 |   0.0 |   0.0 |  49.7
               +-------+-------+-------+-------+-------+----------------------

Table legend:
 A = Kills in this place as a percentage of kills in entire the game.
 B = Kills by you in this place as a percentage of kills by you in the entire game.
 C = Kills by friends in this place as a percentage of kills by friends in the entire game.
 D = Other kills in this place as a percentage of other kills in the entire game.
 E = Experience gained in this place as a percentage of experience gained in the entire game.
 F = Experience gained in this place divided by the number of levels of this place that you have seen.
                   A       B       C       D       E      F
               +-------+-------+-------+-------+-------+----------------------
         Total | 100.0 | 100.0 |   N/A |   N/A | 100.0 |   4.3
       Dungeon | 100.0 | 100.0 |   N/A |   N/A | 100.0 |   4.3
               +-------+-------+-------+-------+-------+----------------------

Vault maps used:
D:1:      dpeg_arrival_fog, item_on_display_a
D:2:      serial_bayou_ford_a, minmay_pentomino_q4, uniq_sigmund
D:3:      chequers_ecumenical_altar_grove, first_ration, lemuel_tele_altar,
          uniq_terence
